 Dungeon Crawl Stone Soup version 0.31-a0-532-g28f74ba3e5 (webtiles) character file.

Game seed: 3535450810572899934

76 randomguy2701 the Grave Robber (level 4, -21/24 HPs)
             Began as a Deep Elf Necromancer on Aug 13, 2023.
             Demolished by an ogre
             ... wielding a +0 giant club
              (25 damage)
             ... on level 4 of the Dungeon.
             The game lasted 00:03:13 (2941 turns).

randomguy2701 the Grave Robber (DENe)               Turns: 2941, Time: 00:03:14

Health: -21/24     AC:  3    Str:  5    XL:     4   Next: 12%
Magic:  12/12      EV: 12    Int: 22    God:
Gold:   191        SH:  0    Dex: 15    Spells: 11/12 levels left

rFire   . . .        (no weapon)
rCold   . . .        (no shield)
rNeg    . . .        a - +0 robe
rPois   .            (no helmet)
rElec   .            (no cloak)
rCorr   .            (no gloves)
SInv    .            q - +0 pair of boots
Will    .....        (no amulet)
Stlth   ++           p - ring of flight
HPRegen 0.24/turn    (no ring)
MPRegen 0.13/turn

%: no passive effects
@: flying
A: no striking features
a: no special abilities


You were on level 4 of the Dungeon.
You visited 1 branch of the dungeon, and saw 4 of its levels.

You collected 191 gold pieces.

Inventory:

Armour
 a - a +0 robe (worn)
 q - a +0 pair of boots (worn)
Jewellery
 m - a ring of ice
 p - a ring of flight (left hand)
Scrolls
 d - 4 scrolls of butterflies {unknown}
 e - a scroll of immolation {unknown}
 f - 4 scrolls of identify {unknown}
 g - a scroll of enchant armour {unknown}
 h - 2 scrolls of teleportation {unknown}
 j - 2 scrolls of vulnerability {unknown}
 k - 2 scrolls of blinking {unknown}
 l - a scroll of fear {unknown}
 n - a scroll of fog {unknown}
 o - a scroll of revelation {unknown}
Potions
 b - a potion of magic
 c - 3 potions of heal wounds {unknown}
 i - 2 potions of curing {unknown}


   Skills:
 + Level 2.6 Dodging
 + Level 2.5 Stealth
 + Level 4.9 Spellcasting
 + Level 5.6 Necromancy


You had 11 spell levels left.
You knew the following spells:

 Your Spells              Type           Power      Damage    Failure   Level
a - Necrotise             Necr           100%       1d9       1%          1

Your spell library contained the following spells:

 Spells                   Type           Power      Damage    Failure   Level
 Vampiric Draining        Necr           30%        2d8       3%          3
 Animate Dead             Necr           30%        N/A       10%         4
 Wereblood                Tmut           5%         N/A       16%         2
 Agony                    Necr           30%        N/A       28%         5
 Irradiate                Conj/Tmut      2%         3d12      96%         5


Dungeon Overview and Level Annotations

Branches:
Dungeon (4/15)
 Temple: D:4-7

Altars:
The Shining One

Shops:
D:1 **=   D:3 [   D:4 *


Message History

Your jackal skeleton is destroyed!
The adder writhes in agony.
The adder writhes in agony.
The adder misses you. The jackal bites you. The adder barely misses you.
The adder writhes in agony.
The jackal barely misses you. The adder bites you.
The jackal bites you but does no damage.
The adder writhes in agony!
You kill the adder!
The dead are slithering!
The jackal barely misses you.
You have reached level 4!
You feel clever.
The jackal writhes in agony!
You kill the jackal!
The dead are walking!
You can't see any susceptible monsters within range! (Use Z to cast anyway.)
You can't see any susceptible monsters within range! (Use Z to cast anyway.) HP restored.
Your adder skeleton crumbles into dust!
Your orc skeleton crumbles into dust!
Your jackal skeleton crumbles into dust!
You now have 191 gold pieces (gained 11).
Key pressed, stopping explore.
Found a robe.
There is a stone staircase leading down here.
You reach down and open the door.
An ogre comes into view. It is wielding a +0 giant club.
Found a scroll labelled PEOREEXT PUIM.
Found Emim's General Store.
An ogre is nearby!
An ogre is nearby!
The ogre shouts!
The ogre writhes in agony.
There is a stone staircase leading down here.
The ogre attacks as you move away!
The ogre hits you with a +0 giant club!!
Ouch! That really hurt!
* * * LOW HITPOINT WARNING * * *
The ogre attacks as you move away!
The ogre hits you with a +0 giant club!!
Ouch! That really hurt!
You die...

######### #.......#
####.......#
#..........###
######.........O@.#
............>####.#
...###)....#.# +#
...# #.....#.## #
...#
#.....#..###.≈≈#
...#
#.....#..'..∩..+
.###
#.....#[.#≈≈.### .#
#######....≈?# .#
#....#+#


You could see an ogre.

Vanquished Creatures
  2 adders
  4 orcs
  4 ball pythons
  3 bats
  5 endoplasms
  A giant cockroach (D:1)
  4 goblins
  6 hobgoblins
  2 jackals (D:4)
  6 quokkas
  2 frilled lizards (D:1)
  3 kobolds
  2 rats
44 creatures vanquished.

Vanquished Creatures (collateral kills)
  A jackal (D:1)
  A rat (D:1)
2 creatures vanquished.

Grand Total: 46 creatures vanquished

Notes
Turn   | Place    | Note
-------+----------+-------------------------------------------
     0 | D:1      | randomguy2701 the Deep Elf Necromancer began the quest for
                  | the Orb.
     0 | D:1      | Reached XP level 1. HP: 10/10 MP: 6/6
    52 | D:1      | Found Ofipufefe's Assorted Antiques.
   158 | D:1      | Reached skill level 5 in Necromancy
   227 | D:1      | Reached XP level 2. HP: 15/15 MP: 2/8
   301 | D:1      | Found Naofum's Jewellery Emporium.
   533 | D:1      | Found a faded altar of an unknown god.
   639 | D:1      | Found Zime's Assorted Antiques.
  1062 | D:1      | Reached XP level 3. HP: 14/19 MP: 6/10
  1973 | D:3      | Found Ylaro's Armour Shop.
  2283 | D:3      | Found a glowing golden altar of the Shining One.
  2748 | D:4      | Noticed a scorpion
  2845 | D:4      | Reached XP level 4. HP: 19/24 MP: 4/12
  2929 | D:4      | Found Emim's General Store.
  2929 | D:4      | Noticed an ogre
  2941 | D:4      | Demolished by an ogre

Illustrated notes

Levels and vault maps discovered:
D:1:      amcnicky_arrival_feature_with_door, layout_basic,
          ebering_ecumenical_altar_sacrificial, serial_shops,
          nicolae_shop_tiny_statue_garden, shop,
          nicolae_shop_competitors_out_of_business, st_stairs_8
D:2:      layout_basic, columned_hall_lemuel
D:3:      layout_basic, tso_metal_star, serial_shops, shop_fountains
D:4:      layout_basic, nicolae_hepliaklqana_monster_ancestors,
          mainiacjoe_overflow_big_doors, serial_shops, nicolae_shop_hallway_plus

Skill      XL: |  1  2  3 |
---------------+----------+-----
Necromancy     | 5 |  5.6
Spellcasting   | 4 |  4.9
Dodging        | |  2.6
Stealth        | |  2.5

Action                     |  1- 3 |  4- 6 || total
---------------------------+-------+-------++-------
  Melee: Unarmed           |     4 |       ||     4
   Cast: Necrotise         |    76 |     2 ||    78
 Armour: Robe              |     8 |       ||     8
  Dodge: Dodged            |    17 |       ||    17

Table legend: (Time is in decaauts)
 A = Elapsed time spent in this place.
 B = Non-inter-level travel time spent in this place.
 C = Inter-level travel time spent in this place.
 D = Time resting spent in this place.
 E = Time spent auto-exploring this place.
 F = Levels seen in this place.
 G = Mean time per level.
                   A        B        C        D        E       F      G
               +--------+--------+--------+--------+--------+-----+--------+
         Total |   2939 |   2863 |     76 |      0 |   2602 |   4 |  734.8 |
       Dungeon |   2939 |   2863 |     76 |      0 |   2602 |   4 |  734.8 |
               +--------+--------+--------+--------+--------+-----+--------+

Top non-repeatable levels by time:
     D:1: 1182 daAuts
     D:3: 781 daAuts
     D:2: 758 daAuts
     D:4: 217 daAuts
